 Dungeon Crawl Stone Soup version 0.25.1-2-g60ff931df9 (webtiles) character file.

Game seed: 15043337521805670850

157290 Kaptain the Eclecticist (level 17, 0/100 HPs)
             Began as a Deep Elf Earth Elementalist on Sept 11, 2020.
             Slain by a deep elf blademaster
             ... wielding a +3 rapier of draining
              (6 damage)
             ... on level 2 of the Elven Halls.
             The game lasted 03:57:56 (48103 turns).

Kaptain the Eclecticist (DEEE)                     Turns: 48103, Time: 03:57:56

Health: 0/100      AC: 15    Str:  1    XL:     17   Next: 12%
Magic:  19/41      EV:  6    Int: 28    God:
Gold:   1693       SH:  5    Dex: 13    Spells: 22/52 levels left

rFire    + + +     SeeInvis +   r - +5 spear "Pygit" {pain, rElec rC+ Dex+2}
rCold    + + .     Gourm    .   V - +2 buckler {reflect}
rNeg     . . .     Faith    .   l - +0 swamp dragon scales
rPois    +         Spirit   .   J - +2 hat {MR+}
rElec    +         Reflect  +   H - +1 cloak {MR+}
rCorr    .         Harm     .   g - +1 pair of gloves
MR       ++++.                  O - +0 pair of boots
Stlth    ++........             F - amulet "Tais" {rF+++ rC+ Regen+ Dex-4 SInv}
HPRegen  0.66/turn              M - ring of protection from magic
MPRegen  0.27/turn              z - -4 ring of strength (curse)

@: mighty, brilliant, berserk cooldown, very slightly contaminated, hasted and
slowed, very heavily drained
A: no striking features
a: no special abilities


You were on level 2 of the Elven Halls.
You were not hungry.

You visited 6 branches of the dungeon, and saw 29 of its levels.
You also visited: Gauntlet.

You collected 2708 gold pieces.
You spent 1015 gold pieces at shops.

Inventory:

Hand Weapons
 r - the +5 spear "Pygit" (weapon) {pain, rElec rC+ Dex+2}
   (You found it on level 15 of the Dungeon)

   In the hands of one skilled in necromantic magic, it inflicts extra damage on
   living creatures.
   It affects your dexterity (+2).
   It protects you from cold.
   It insulates you from electricity.
Missiles
 B - 529 stones (quivered)
Armour
 b - the +8 orange crystal plate armour {Archmagi, Int+3 Clar}
   (You took it off a big kobold on level 9 of the Dungeon)

   It affects your intelligence (+3).
   It protects you against confusion.
 g - a +1 pair of gloves (worn)
 k - a +0 troll leather armour
 l - +0 swamp dragon scales (worn)
 t - the +3 crown of Dyrovepreva {rElec Int+2 SInv}
   (You found it on level 1 of the Elven Halls)

   It affects your intelligence (+2).
   It insulates you from electricity.
   It lets you see invisible.
 H - a +1 cloak of magic resistance (worn)
 J - a +2 hat of magic resistance (worn)
 O - a +0 pair of boots (worn)
 V - a +2 buckler of reflection (worn)
Jewellery
 f - an uncursed ring of flight
 m - an uncursed ring of poison resistance
 x - an uncursed ring of magical power
 y - an uncursed ring of wizardry
 z - a cursed -4 ring of strength (right hand)
 A - an uncursed ring of resist corrosion
 E - an uncursed ring of protection from fire
 F - the amulet "Tais" (around neck) {rF+++ rC+ Regen+ Dex-4 SInv}
   (You found it in a Gauntlet)

   [amulet of regeneration]

   It affects your dexterity (-4).
   It renders you almost immune to fire.
   It protects you from cold.
   It lets you see invisible.
   It increases your rate of regeneration.
 K - a +6 ring of intelligence
 L - a +6 ring of intelligence
 M - a ring of protection from magic (left hand)
 T - an uncursed amulet of magic regeneration
Wands
 j - a wand of iceblast (22)
 w - a wand of disintegration (11)
 I - a wand of digging (14)
 Q - a wand of acid (14)
Scrolls
 a - 8 scrolls of enchant weapon
 c - 2 scrolls of fear
 i - a scroll of summoning
 q - 3 scrolls of fog
 v - 5 scrolls of teleportation
 C - 6 scrolls of immolation
 P - a scroll of magic mapping
 U - 5 scrolls of identify
 X - 3 scrolls of amnesia
Potions
 e - 7 potions of curing
 h - 3 potions of flight
 o - 3 potions of mutation
 p - 4 potions of cancellation
 s - 2 potions of brilliance
 u - a potion of berserk rage
 G - a potion of ambrosia
 W - a potion of heal wounds
 Y - 2 potions of magic
Miscellaneous
 n - a phial of floods
 Z - a phantom mirror
Comestibles
 d - 24 rations
 R - 3 chunks of flesh


   Skills:
 + Level 9.0(4.0) Fighting
 + Level 7.5(2.7) Armour
 - Level 8.7(3.8) Dodging
 - Level 8.4(3.5) Stealth
 - Level 5.0(0.5) Shields
 * Level 18.4(12.2) Spellcasting
 * Level 15.4(9.6) Conjurations
 - Level 1.1(0.0) Transmutations
 * Level 8.2(3.3) Fire Magic
 + Level 15.5(9.7) Earth Magic


You had 22 spell levels left.
You knew the following spells:

 Your Spells              Type           Power        Failure   Level  Hunger
a - Sandblast             Erth           ######       1%          1    None
b - Stone Arrow           Conj/Erth      ######       5%          3    None
c - Lee's Rapid Deconstr  Erth           #######...   43%         5    None
d - Sticky Flame          Conj/Fire      ######..     56%         4    None
e - Fireball              Conj/Fire      ######....   88%         5    None
f - Passwall              Tmut/Erth      ######..     21%         2    None
g - Foxfire               Conj/Fire      ####         7%          1    None
h - Cause Fear            Hex            ####......   100%        4    None
i - Animate Skeleton      Necr           N/A          69%         1    None
j - Blink                 Tloc           N/A          83%         2    None
k - Swiftness             Chrm/Air       ####....     83%         2    None

Your spell library contained the following spells:

 Spells                   Type           Power        Failure   Level  Hunger
 Magic Dart               Conj           ####         1%          1    None
 Shock                    Conj/Air       ####         14%         1    None
 Conjure Flame            Conj/Fire      ######..     21%         3    None
 Static Discharge         Conj/Air       ######..     38%         3    None
 Mephitic Cloud           Conj/Pois/Air  ######..     61%         3    None
 Corona                   Hex            ####...      69%         1    None
 Pain                     Necr           ####         69%         1    None
 Summon Small Mammal      Summ           ####         69%         1    None
 Leda's Liquefaction      Hex/Erth       ######....   78%         4    None
 Petrify                  Tmut/Erth      ######..     78%         4    None
 Call Imp                 Summ           ####....     83%         2    None
 Slow                     Hex            ####....     83%         2    None
 Inner Flame              Hex/Fire       #####...     83%         3    None
 Call Canine Familiar     Summ           ####....     96%         3    None
 Portal Projectile        Hex/Tloc       ####..       96%         3    None
 Summon Guardian Golem    Hex/Summ       ####....     96%         3    None
 Vampiric Draining        Necr           ####......   96%         3    None
 Lightning Bolt           Conj/Air       ######....   98%         5    None
 Airstrike                Air            ####......   100%        4    None
 Animate Dead             Necr           N/A          100%        4    None
 Summon Ice Beast         Ice/Summ       ####....     100%        4    None
 Summon Lightning Spire   Summ/Air       ####....     100%        4    None
 Agony                    Necr           ####....     100%        5    None
 Silence                  Hex/Air        ####......   100%        5    None
 Yara's Violent Unravell  Hex/Tmut       ####......   100%        5    None
 Chain Lightning          Conj/Air       ######....   100%        8    None
 Discord                  Hex            ####......   100%        8    None
 Lehudib's Crystal Spear  Conj/Erth      #######...   100%        8    None
 Absolute Zero            Ice            ####......   100%        9    None
 Fire Storm               Conj/Fire      ######....   100%        9    None


Dungeon Overview and Level Annotations

Branches:
Dungeon (15/15)            Temple (1/1) D:7            Lair (6/6) D:11
  Swamp (3/4) Lair:2        Snake (0/4) Lair:2        Slime (0/5) Lair:5
    Orc (2/2) D:11            Elf (2/3) Orc:2        Vaults (0/5) D:14
 Depths (0/5) D:15        Gauntlet (visited)

Altars:
Ashenzari
Cheibriados
Dithmenos
Elyvilon
Fedhas
Gozag
Hepliaklqana
Kikubaaqudgha
Makhleb
Nemelex Xobeh
Okawaru
Qazlal
Ru
Sif Muna
Trog
Uskayaw
Vehumet
Wu Jian
Xom
Yredelemnul
Zin
The Shining One
Beogh
Jiyva

Shops:
Orc:2 !:[:   Elf:1 %(   Elf:2 }%?*

Annotations:
D:11 3 runed translucent doors, Baduid's ghost, journeyman TrMo; Forgol's ghost, journeyman MiFi; strelocc's ghost, journeyman SpEn
Elf:1 6 runed translucent doors


Message History

* * * LOW HITPOINT WARNING * * *
The deep elf knight gestures wildly while chanting.
The deep elf knight seems to speed up.
Blink to where?
Press: ? - help, Dir - move target cursor You are very lightly contaminated with residual magic.
As you read the scroll of blinking, it crumbles to dust.
Okay, then.
A red film seems to cover your vision as you go berserk!
You feel yourself moving faster!
You feel mighty!
You feel a strong urge to attack something.
You feel your anger nearly subside.
You are no longer berserk.
You pass out from exhaustion.
You feel yourself slow down.
You can move again.
You feel yourself speed up.
The deep elf blademaster hits you with a +3 rapier of draining!!
* * * LOW HITPOINT WARNING * * *
You feel drained.
You die...

##.....## ### ##.......## ###.###
##.........## ##
###...>.###..e........# #.
#.........#...........# ##.
####...∩.....#.....8.....######..
...'.........'..........)'...'...
####.........#..e......).#####..P
####.........#..@.......## #...
...##'.....###8#......)'#########
....'###.#####.#'...=.##.#.....#
.....# ####.8<∩.8.#(#####'.....##
.....## #..#.####)# #.......#
......# ##...8# #.# ##....♣..#
......# #.....# #.# #...♣.∩.♣.
......# ##...## #'#####....♣..#
.....## ##'#.## ##...###.......#


You could see a deep elf blademaster and a deep elf knight (fast, invisible).

Vanquished Creatures
  Nikola (Swamp:2)
  Frances (Swamp:2)
  A thorn hunter (Swamp:3)
  Kirke (Lair:4)
  Gastronok (D:9)
  A very ugly thing (D:15)
  A dire elephant (D:15)
  2 deep elf demonologists (Elf:1)
  A minotaur (Gauntlet)
  2 ogre magi (D:14)
  2 deep elf high priests (Elf:1)
  A great orb of eyes (D:15)
  2 shambling mangroves
  13 hydras
  A catoblepas (Lair:4)
  10 alligators
  18 dancing weapons
  5 centaur warriors
  12 two-headed ogres
  A tengu warrior (D:15)
  Urug (D:12)
  8 orc high priests (Orc:2)
  10 deep elf knights
  A skeletal warrior (D:15)
  2 unseen horrors
  5 deep elf archers (Elf:1)
  3 orc knights
  A wolf spider zombie (D:14)
  4 oklob plants (Lair:6)
  38 deep elf magi
  An orc sorcerer (D:15)
  3 cyclopes
  8 ugly things
  A salamander (D:15)
  2 manticores
  Joseph (D:9)
  Maurice (D:9)
  5 black mambas
  3 elephants
  2 centaur zombies
  2 gargoyles
  A centaur skeleton (D:15)
  16 spiny frogs
  3 rime drakes
  An ice devil (Gauntlet)
  5 komodo dragons
  3 polar bears (Lair:6)
  A queen bee (shapeshifter) (D:15)
  3 meliai (D:15)
  3 trolls
  18 slime creatures
  28 blink frogs
  9 tyrant leeches
  A meliai zombie (D:14)
  2 raiju (Gauntlet)
  14 hornets
  A dream sheep (Lair:6)
  4 bog bodies
  7 hippogriffs
  5 shadows
  A vampire (D:12)
  19 spriggans
  4 air elementals
  2 wyverns
  2 water elementals (Elf:1)
  A wraith (D:12)
  23 yaks
  A yak (shapeshifter) (Elf:1)
  3 fire elementals (Elf:1)
  2 steam dragons
  4 basilisks
  3 hogs (Lair:4)
  A hungry ghost (D:12)
  2 vampire mosquitoes (Swamp:3)
  9 swamp worms
  7 wargs
  An acid dragon (D:12)
  8 insubstantial wisps
  A naga (Lair:2)
  11 water moccasins
  5 porcupines
  8 swamp drakes
  25 orc warriors
  An ice beast (D:8)
  4 sky beasts
  2 phantoms
  4 black bears
  A necrophage (D:11)
  2 boggarts (Lair:6)
  2 eyes of draining
  37 wolves
  7 centaurs
  15 ogres
  14 crocodiles
  3 big kobolds
  A gnoll sergeant (D:11)
  18 bullfrogs
  A wyvern zombie (D:10)
  A spiny frog simulacrum (Gauntlet)
  A wyvern skeleton (D:7)
  3 scorpions
  8 wights (D:9)
  5 electric eels
  4 howler monkeys
  2 bullfrog zombies
  6 crimson imps
  A quasit (D:9)
  35 orc priests
  5 jellies
  11 hounds
  A gnoll shaman (D:8)
  2 bullfrog skeletons
  An iguana (D:4)
  A lightning spire (Gauntlet)
  10 worker ants
  13 orc wizards
  A centaur simulacrum (Gauntlet)
  A bullfrog simulacrum (Gauntlet)
  A hound zombie (D:6)
  3 worker ant zombies
  A howler monkey skeleton (D:6)
  12 gnolls
  9 adders
  4 shadow imps
  3 white imps (Gauntlet)
  2 adder zombies
  5 oozes
  3 adder skeletons
  4 worms
  A dart slug (D:1)
  117 orcs
  2 ball pythons
  4 giant cockroaches
  10 goblins
  2 hobgoblins (D:3)
  7 jackals (D:1)
  18 kobolds
  4 quokkas
  5 bats
  7 frilled lizards
  A leopard gecko skeleton (D:8)
  A quokka zombie (D:8)
  10 rats
  7 fungi
914 creatures vanquished.

Vanquished Creatures (collateral kills)
  A swamp dragon (Swamp:1)
  A tyrant leech (Swamp:1)
  A hornet (Swamp:1)
  A spriggan (Lair:6)
  A warg (Orc:2)
  A boggart (Lair:6)
6 creatures vanquished.

Vanquished Creatures (others)
  3 humans (Lair:4)
  A crocodile (Lair:4)
  A bullfrog (Lair:4)
  17 foxfires (D:11)
  32 fungi
  19 plants
  4 withered plants (D:11)
77 creatures vanquished.

Grand Total: 997 creatures vanquished

Notes
Turn   | Place    | Note
-------+----------+-------------------------------------------
     0 | D:1      | Kaptain the Deep Elf Earth Elementalist began the quest for
                  | the Orb.
     0 | D:1      | Reached XP level 1. HP: 10/10 MP: 6/6
    59 | D:1      | Reached XP level 2. HP: 14/15 MP: 0/8
  1014 | D:2      | Noticed a bullfrog
  1017 | D:2      | Reached XP level 3. HP: 20/20 MP: 7/10
  1050 | D:2      | Killed a bullfrog
  1050 | D:2      | Reached skill level 1 in Fighting
  1050 | D:2      | Reached skill level 4 in Spellcasting
  1050 | D:2      | Reached XP level 4. HP: 20/25 MP: 9/12
  1144 | D:1      | Learned a level 3 spell: Stone Arrow
  1804 | D:2      | Found a faded altar of an unknown god.
  2241 | D:2      | Reached XP level 5. HP: 25/29 MP: 9/13
  2363 | D:3      | Found a shimmering altar of Xom.
  3300 | D:4      | Reached skill level 1 in Conjurations
  3393 | D:4      | Learned a level 5 spell: Lee's Rapid Deconstruction
  3399 | D:4      | Noticed a phantom
  3416 | D:4      | Killed a phantom
  3416 | D:4      | Reached skill level 5 in Spellcasting
  3416 | D:4      | Reached XP level 6. HP: 29/34 MP: 7/15
  3575 | D:4      | Reached skill level 5 in Earth Magic
  4332 | D:4      | Found a radiant altar of Vehumet.
  4377 | D:4      | Reached XP level 7. HP: 35/39 MP: 14/17
  4493 | D:4      | Found a snail-covered altar of Cheibriados.
  4526 | D:5      | Entered Level 5 of the Dungeon
  4593 | D:5      | Found a white marble altar of Elyvilon.
  4742 | D:5      | Reached skill level 6 in Spellcasting
  5849 | D:6      | Reached XP level 8. HP: 42/45 MP: 13/19
  5947 | D:6      | Reached skill level 5 in Stealth
  5947 | D:6      | Reached skill level 7 in Spellcasting
  6526 | D:6      | Found a glowing golden altar of the Shining One.
  6990 | D:7      | Reached skill level 5 in Conjurations
  7026 | D:7      | Reached skill level 5 in Dodging
  7072 | D:7      | Found a hazy altar of Hepliaklqana.
  7105 | D:7      | Got a polished ring mail
  7106 | D:7      | Identified the +1 ring mail of Xiess {rPois rF- rC+ Str+2}
                  | (You found it on level 7 of the Dungeon)
  7168 | D:7      | Noticed a hippogriff
  7172 | D:7      | Killed a hippogriff
  7265 | D:7      | Found a staircase to the Ecumenical Temple.
  7274 | Temple   | Entered the Ecumenical Temple
  7594 | D:7      | Reached skill level 8 in Spellcasting
  7665 | D:7      | Reached XP level 9. HP: 50/50 MP: 15/23
  7788 | D:7      | Found a white marble altar of Elyvilon.
  8081 | D:7      | Found a blossoming altar of Fedhas.
  8682 | D:8      | You fall into a shaft and drop 3 floors!
  8683 | D:11     | Noticed a purple ugly thing
  8683 | D:11     | Noticed a troll
  8688 | D:11     | Noticed a two-headed ogre
  8690 | D:10     | Entered Level 10 of the Dungeon
  8708 | D:10     | Reached skill level 9 in Spellcasting
  8844 | D:10     | Noticed a troll
  8848 | D:10     | Killed a troll
  8910 | D:9      | Noticed Joseph
  8916 | D:9      | Killed Joseph
  9307 | D:8      | Reached XP level 10. HP: 43/56 MP: 18/25
  9415 | D:8      | Found a shattered altar of Ashenzari.
  9884 | D:9      | Found a glowing golden altar of the Shining One.
  9965 | D:9      | Noticed Gastronok
  9973 | D:9      | Found a hide-covered altar of Uskayaw.
 10219 | D:9      | Found a sparkling altar of Nemelex Xobeh.
 10745 | D:9      | Noticed Maurice
 10749 | D:9      | Paralysed by Maurice for 3 turns
 10752 | D:9      | Killed Maurice
 10752 | D:9      | Reached skill level 10 in Spellcasting
 11142 | D:9      | Killed Gastronok
 11142 | D:9      | Reached skill level 1 in Armour
 11628 | D:9      | Found a shimmering blue altar of Sif Muna.
 12008 | D:10     | Learned a level 4 spell: Sticky Flame
 12014 | D:10     | Learned a level 5 spell: Fireball
 12017 | D:10     | Learned a level 2 spell: Passwall
 12019 | D:10     | Learned a level 1 spell: Foxfire
 12115 | D:10     | Noticed a two-headed ogre
 12128 | D:10     | Killed a two-headed ogre
 12257 | D:10     | Reached XP level 11. HP: 62/62 MP: 7/27
 13190 | D:11     | Reached skill level 11 in Spellcasting
 13199 | D:11     | Killed a two-headed ogre
 13317 | D:11     | Killed a purple ugly thing
 13856 | D:11     | Identified the +0 scale mail of Qozur {rF+ rCorr Slay+2}
 13998 | D:11     | Reached skill level 10 in Earth Magic
 14074 | D:11     | Found a staircase to the Lair.
 14305 | D:11     | Noticed a two-headed ogre
 14307 | D:11     | Killed a two-headed ogre
 14397 | D:11     | Reached skill level 5 in Fighting
 14558 | D:11     | Noticed a brown ugly thing
 14562 | D:11     | Killed a brown ugly thing
 14667 | D:11     | Found a runed translucent gate.
 14667 | D:11     | Found a runed translucent gate.
 14667 | D:11     | Found a runed translucent gate.
 14668 | D:11     | Noticed Forgol's ghost (journeyman MiFi)
 14669 | D:11     | Noticed Baduid's ghost (journeyman TrMo)
 14669 | D:11     | Noticed strelocc's ghost (journeyman SpEn)
 15204 | D:11     | Found a staircase to the Orcish Mines.
 15349 | Lair:1   | Entered Level 1 of the Lair of Beasts
 15360 | Lair:1   | Reached skill level 12 in Spellcasting
 16592 | Lair:2   | Found a gate leading to a gauntlet.
 16601 | Gauntlet | Entered a Gauntlet
 16601 | Gauntlet | Found a transporter.
 16601 | Gauntlet | Found a transporter.
 16601 | Gauntlet | Found a runed translucent gate.
 16654 | Gauntlet | Found a transporter.
 16658 | Gauntlet | Found a transporter.
 16666 | Gauntlet | Found a transporter.
 16670 | Gauntlet | Found a transporter.
 16677 | Gauntlet | Found a runed translucent door.
 16680 | Gauntlet | Found a transporter.
 16692 | Gauntlet | Found a runed translucent door.
 16694 | Gauntlet | Found a transporter.
 16696 | Gauntlet | Found a runed translucent door.
 16698 | Gauntlet | Found a transporter.
 16718 | Gauntlet | Found a transporter.
 16726 | Gauntlet | Found a transporter.
 16730 | Gauntlet | Found a transporter.
 16731 | Gauntlet | Noticed a tengu warrior
 16732 | Gauntlet | Found a runed translucent gate.
 16732 | Gauntlet | Found a runed translucent gate.
 16899 | Gauntlet | Reached XP level 12. HP: 68/68 MP: 24/30
 17252 | Gauntlet | Got a translucent bronze amulet
 17351 | Gauntlet | Identified the amulet "Tais" {rF+++ rC+ Regen+ Dex-4 SInv}
                  | (You found it in a Gauntlet)
 17388 | Gauntlet | Noticed a minotaur
 17392 | Gauntlet | Killed a minotaur
 17660 | Lair:2   | Reached skill level 10 in Conjurations
 17858 | Lair:2   | Learned a level 4 spell: Cause Fear
 17868 | Lair:2   | Found a staircase to the Snake Pit.
 18556 | Lair:2   | Noticed a four-headed hydra
 18556 | Lair:2   | Noticed an eight-headed hydra
 18564 | Lair:2   | Killed an eight-headed hydra
 18569 | Lair:2   | Killed a four-headed hydra
 18575 | Lair:2   | Found a staircase to the Swamp.
 19374 | Lair:3   | Reached skill level 13 in Spellcasting
 21597 | Lair:4   | Noticed a catoblepas
 21785 | Lair:4   | Noticed Kirke
 21791 | Lair:4   | Noticed a sphinx
 21797 | Lair:4   | Killed Kirke
 21797 | Lair:4   | Reached XP level 13. HP: 51/74 MP: 3/32
 22518 | Lair:4   | Reached skill level 14 in Spellcasting
 23817 | Lair:5   | Found a blossoming altar of Fedhas.
 23825 | Lair:5   | You fall into a shaft and drop 1 floor!
 23825 | Lair:6   | Entered Level 6 of the Lair of Beasts
 24160 | Lair:6   | Reached skill level 5 in Armour
 25418 | Lair:5   | Reached skill level 1 in Shields
 25700 | Lair:5   | Found a runed translucent door.
 25700 | Lair:5   | Found a viscous altar of Jiyva.
 25701 | Lair:5   | Found a staircase to the Slime Pits.
 26149 | Lair:6   | Learned a level 1 spell: Animate Skeleton
 26780 | Lair:6   | Reached skill level 15 in Spellcasting
 27420 | Lair:6   | Reached XP level 14. HP: 80/80 MP: 14/35
 27896 | Orc:1    | Entered Level 1 of the Orcish Mines
 28185 | Orc:2    | Entered Level 2 of the Orcish Mines
 28710 | Orc:2    | Reached skill level 1 in Fire Magic
 29916 | Orc:2    | Found Kegovitt's Armour Emporium.
 29916 | Orc:2    | Found Penamoonn's Book Shop.
 29923 | Orc:2    | Bought a book of Minor Magic for 260 gold pieces
 29926 | Orc:2    | Learned a level 2 spell: Blink
 30169 | Orc:2    | Found a staircase to the Elven Halls.
 30293 | Orc:2    | Found a roughly hewn altar of Beogh.
 30565 | Orc:2    | Found Erheir's Distillery.
 30565 | Orc:2    | Found Duaghip's Book Shop.
 30922 | D:12     | Noticed Urug
 30927 | D:12     | Killed Urug
 31880 | D:12     | You fall into a shaft and drop 2 floors!
 33148 | D:12     | Found a roughly hewn altar of Beogh.
 33512 | D:13     | You fall into a shaft and drop 1 floor!
 34471 | D:13     | Reached skill level 16 in Spellcasting
 35308 | D:14     | Found a blossoming altar of Fedhas.
 35570 | D:14     | Reached XP level 15. HP: 55/87 MP: 26/37
 36010 | D:14     | Found a gate to the Vaults.
 36214 | D:15     | Entered Level 15 of the Dungeon
 37184 | D:15     | Got a smoking spear
 37185 | D:15     | Identified the +5 spear "Pygit" {pain, rElec rC+ Dex+2}
                  | (You found it on level 15 of the Dungeon)
 37917 | D:15     | Found a staircase to the Depths.
 38099 | Swamp:1  | Entered Level 1 of the Swamp
 39087 | Lair:2   | Reached skill level 5 in Fire Magic
 39443 | Swamp:1  | Reached skill level 17 in Spellcasting
 41864 | Swamp:2  | Reached XP level 16. HP: 77/93 MP: 7/39
 42178 | Swamp:2  | Noticed Nikola
 42195 | Swamp:2  | Killed Nikola
 42195 | Swamp:2  | Reached skill level 15 in Earth Magic
 42388 | Swamp:2  | Noticed Frances
 42401 | Swamp:2  | Killed Frances
 43456 | Swamp:3  | Noticed a thorn hunter
 43459 | Swamp:3  | Noticed a thorn hunter
 43463 | Swamp:3  | Killed a thorn hunter
 43613 | Swamp:3  | Noticed a thorn hunter
 43614 | Swamp:3  | Reached skill level 5 in Shields
 43625 | Swamp:2  | Paralysed by a hornet for 1 turns
 43926 | Orc:2    | Bought a book of Air for 455 gold pieces
 43929 | Orc:2    | Learned a level 2 spell: Swiftness
 43946 | Elf:1    | Entered Level 1 of the Elven Halls
 44093 | Elf:1    | Identified a scroll of acquirement
 44093 | Elf:1    | Acquired a book of Annihilations
 44787 | Elf:1    | Identified the cursed +0 arbalest of Pyromania {flame, rC+
                  | Str+6}
 44923 | Elf:1    | Found the +3 crown of Dyrovepreva {rElec Int+2 SInv}
 44923 | Elf:1    | Found a runed translucent gate.
 44923 | Elf:1    | Found a runed translucent gate.
 44923 | Elf:1    | Found a runed translucent gate.
 44923 | Elf:1    | Found a runed translucent gate.
 44923 | Elf:1    | Found a runed translucent gate.
 44924 | Elf:1    | Found a runed translucent gate.
 44924 | Elf:1    | Noticed a storm dragon
 44924 | Elf:1    | Noticed a shadow dragon
 45285 | Elf:1    | Found Reogom Wasch's Antique Weapon Emporium.
 45720 | Elf:2    | Reached skill level 15 in Conjurations
 45813 | Elf:2    | Found Niti Xets's Magic Scroll Shoppe.
 45818 | Elf:2    | Bought a scroll of teleportation for 36 gold pieces
 45818 | Elf:2    | Bought a scroll of teleportation for 36 gold pieces
 45818 | Elf:2    | Bought a scroll of identify for 24 gold pieces
 45818 | Elf:2    | Bought a scroll of blinking for 90 gold pieces
 45818 | Elf:2    | Bought a scroll of summoning for 114 gold pieces
 45860 | Elf:2    | Reached skill level 18 in Spellcasting
 45970 | Elf:2    | Found Jonn's Food Emporium.
 46245 | Elf:2    | Found Vefa's Gadget Boutique.
 46424 | Elf:2    | Found Vomytakk's General Store.
 46558 | Elf:2    | Found a huge runed translucent gate.
 46558 | Elf:2    | Found a huge runed translucent gate.
 46567 | Elf:2    | Found a huge runed translucent gate.
 46765 | Elf:2    | Found a huge runed translucent gate.
 46765 | Elf:2    | Found a huge runed translucent gate.
 47442 | Elf:1    | Reached XP level 17. HP: 91/99 MP: 27/41
 48075 | Elf:2    | Noticed a deep elf blademaster
 48103 | Elf:2    | Slain by a deep elf blademaster

Illustrated notes

Levels and vault maps discovered:
D:1:      dpeg_arrival_oval, layout_basic
D:2:      layout_loops_ring, chequers_ecumenical_altar_lobes
D:3:      layout_rooms, nicolae_overflow_crystal_walls
D:4:      layout_loops_corners, lemuel_crystal_altar, kennysheep_mini,
          first_ration, kennysheep_generic_room_5
D:5:      layout_loops_ring, elyvilon_altar_4
D:6:      layout_basic, tso_altar
D:7:      layout_gridville, lemuel_doored_altar, old_standard_altar,
          overflow_temple_1_default, lemuel_temple_firewalk_a
D:8:      layout_loops_ring, kennysheep_little_box
D:9:      layout_basic, lemuel_round_altar, lemuel_round_altar,
          kennysheep_mini_moat, lemuel_blue_sif_altar, grunt_pizzeria,
          uniq_joseph, uniq_maurice, uniq_gastronok
D:10:     layout_grid_maze
D:11:     layout_roguey, lair_entry_dummy, hiddenorc1_lemuel,
          gammafunk_ghost_cemetery, minivault_23, st_stairs_11,
          chequers_serial_rivers_micro_b
D:12:     layout_roguey, special_room [special_room_orc], uniq_urug
D:13:     layout_roguey, minmay_misc_feat_five, chequers_serial_rivers_small_3
D:14:     layout_loops_ring, hangedman_vaults_entry_quadrant_bands,
          fedhas_altar_2
D:15:     hangedman_depths_entry_try_elsewhere_first, layout_loops_ring,
          minmay_misc_feat_doors
Temple:   minmay_temple_curvy_loop
Lair:1:   layout_cave_pods, beast_lair_carwin_11, infiniplex_staircase_pool
Lair:2:   layout_cellular_growth, palyth_hydra_swamp_entry,
          guppyfry_snake_entry_island, gauntlet_entry_generic
Lair:3:   layout_hall_layers
Lair:4:   layout_loops_ring, grunt_megastairs_3, uniq_kirke
Lair:5:   layout_misc_corridors, slime_altar_2, basic_altar, lemuel_fruit_fields
Lair:6:   minmay_lair_end_enchanted_forest, layout_small_grid, enter_volcano_1,
          serial_bayou_lake_a, infiniplex_staircase_pool_2, grunt_megastairs_4,
          minmay_lair_oklob_chamber
Swamp:1:  layout_basic_swamp, nicolae_swamp_dense_foliage
Swamp:2:  layout_basic_swamp, evilmike_swamp_ruin_house_3, swamp_pool2,
          uniq_nikola, uniq_frances
Swamp:3:  nicolae_swamp_phyte_club, layout_basic_swamp,
          evilmike_swamp_ruin_rubble_2
Orc:1:    layout_caves, nicolae_orc_damp_corner, kennysheep_orc_chapel
Orc:2:    st_orc_town, layout_caves
Elf:1:    elf_arrival_001, layout_gridlike, serial_shops, nicolae_shop_stone,
          orc_legates
Elf:2:    layout_geoelf_octagon, serial_shops, shop, shop, nicolae_shop_trees,
          nicolae_shop_statue_plus

Skill      XL: |  1  2  3  4  5  6  7  8  9 10 11 12 13 14 15 16 17 |
---------------+----------------------------------------------------+-----
Fighting       | 1 2 3 4 5 6 7 8 9 |  9.0
Stealth        | 3 4 5 6 7 8 |  8.4
Spellcasting   | 4 5 6 8 9 10 12 13 15 16 17 18 | 18.4
Earth Magic    | 4 5 6 7 8 9 10 12 13 14 15 | 15.5
Dodging        | 3 4 5 6 7 8 |  8.7
Conjurations   | 1 2 3 5 6 8 9 11 12 13 14 15 | 15.4
Armour         | 1 3 4 5 6 7 |  7.5
Shields        | 1 3 4 5 |  5.0
Fire Magic     | 3 5 7 8 |  8.2
Transmutations | |  1.1

Action                   |  1- 3 |  4- 6 |  7- 9 | 10-12 | 13-15 | 16-18 || total
-------------------------+-------+-------+-------+-------+-------+-------++-------
Melee: Dagger            |     6 |    33 |       |     1 |       |       ||    40
       Flail             |       |     8 |    13 |    36 |    10 |       ||    67
       Spear             |       |       |       |       |     1 |       ||     1
 Cast: Sandblast         |    32 |    48 |    77 |    87 |    39 |    11 ||   294
       Stone Arrow       |       |    29 |    72 |   110 |   189 |    42 ||   442
       Lee's Rapid Decon |       |       |    16 |   157 |   327 |   134 ||   634
       Foxfire           |       |       |       |     9 |       |       ||     9
       Fireball          |       |       |       |    26 |   168 |    42 ||   236
       Sticky Flame      |       |       |       |     1 |     1 |     2 ||     4
       Animate Skeleton  |       |       |       |       |    23 |       ||    23
       Blink             |       |       |       |       |     8 |     3 ||    11
Evoke: Wand              |       |       |       |     8 |    11 |    10 ||    29
  Use: Scroll            |       |     4 |    12 |    12 |    13 |    10 ||    51
       Potion            |       |       |     5 |     3 |     1 |     8 ||    17
 Stab: Sleeping          |     1 |     3 |     1 |       |       |       ||     5
       Paralysed         |       |       |       |    13 |       |       ||    13
  Eat: Chunk             |       |    11 |    13 |    25 |    28 |     2 ||    79
       Ration            |       |       |     2 |     7 |    10 |     5 ||    24
Armor: Robe              |     2 |       |       |       |       |       ||     2
       Leather armour    |     5 |    14 |    13 |     4 |       |       ||    36
       Troll leather arm |       |       |       |    38 |    59 |       ||    97
       Swamp dragon scal |       |       |       |       |     8 |    34 ||    42
Dodge: Dodged            |    29 |    46 |    50 |   109 |   161 |    13 ||   408
Block: Buckler           |       |       |       |       |    60 |    16 ||    76
       Reflection        |       |       |       |       |       |     1 ||     1
